Map: Королевская бухта РВ

Players

Vanya

  • Race: Zerg Zerg
  • Spawn Location: 11:00

MODEUS - Winner!

  • Race: Terran Terran
  • Spawn Location: 5:00

Event: 2019 WCS Summer

VOD

Have the link to the VOD?

Description

Time

  • Played on: July 12, 2019, 8:10 a.m.
  • Length: 13:38

All games in this series

Show
View Real Time Build Order
Export as new Build Order

Vanya Zerg 

Build Orders: Hatch First 

Get SALT Encoding   

  12  0:00  Drone  
  13  0:12  Overlord  
  13  0:17  Drone  
  14  0:30  Drone  
  14  0:31  Drone  
  16  0:49  Hatchery  
  15  0:52  Drone  
  15  0:56  Drone  
  17  0:59  Drone  
  18  1:10  Extractor  
  17  1:14  Spawning Pool  
  17  1:18  Drone  
  17  1:21  Drone  
  18  1:28  Drone  
  19  1:39  Drone  
  20  1:49  Drone  
  21  2:01  Queen x2  
  21  2:02  Zergling x4  
  27  2:14  Overlord  
  27  2:15  Drone  
  28  2:27  Hatchery  
  28  2:28  Drone  
  28  2:33  Drone  
  28  2:36  Metabolic Boost  
  29  2:39  Drone  
  30  2:46  Queen  
  30  2:48  Drone  
  33  2:51  Drone  
  33  2:56  Overlord  
  34  2:59  Drone  
  35  3:06  Drone  
  36  3:15  Drone x2  
  36  3:16  Overlord  
  36  3:17  Drone  
  36  3:18  Drone  
  36  3:19  Zergling x2  
  41  3:24  Queen  
  41  3:26  Drone  
  44  3:38  Lair  
  44  3:42  Drone, Queen  
  44  3:43  Drone x2  
  44  3:46  Drone  
  44  3:47  Drone  
  51  3:53  Overlord  
  51  4:00  Drone  
  51  4:01  Roach Warren  
  51  4:03  Drone x2, Extractor  
  51  4:04  Extractor  
  51  4:07  Drone  
  51  4:09  Drone x2  
  54  4:13  Overlord  
  54  4:15  Drone  
  55  4:19  Overlord  
  55  4:20  Drone x2  
  57  4:26  Overlord  
  57  4:27  Drone  
  58  4:36  Drone x3  
  58  4:37  Drone  
  62  4:38  Overseer  
  62  4:48  Roach x4  
  69  4:54  Spire  
  69  4:55  Zergling x2  
  69  4:56  Zergling x4  
  71  5:02  Evolution Chamber  
  71  5:03  Drone x3  
  71  5:05  Drone  
  71  5:06  Drone  
  71  5:07  Drone  
  75  5:10  Drone  
  75  5:12  Drone  
  75  5:13  Drone x2  
  80  5:14  Drone  
  80  5:19  Evolution Chamber  
  80  5:21  Drone  
  80  5:22  Drone x3, Evolution Chamber  
  80  5:25  Drone, Extractor  
  80  5:27  Overlord  
  80  5:28  Extractor  
  81  5:29  Extractor  
  81  5:30  Overlord  
  81  5:31  Drone  
  81  5:36  Overlord  
  81  5:42  Drone  
  81  5:45  Drone  
  78  5:50  Drone x2  
  78  5:51  Drone  
  78  5:52  Drone  
  78  5:54  Queen  
  78  5:55  Queen  
  86  5:59  Spore Crawler  
  86  6:00  Spore Crawler  
  81  6:04  Drone x2  
  80  6:15  Zerg Missile Weapons Level 1  
  80  6:16  Zerg Ground Armor Level 1  
  76  6:23  Spire  
  76  6:24  Roach x3  
  79  6:35  Zergling x4, Roach x2  
  85  6:43  Zergling x2  
  85  6:44  Zergling x10  
  90  6:47  Drone x2  
  92  6:59  Drone x3  
  95  7:07  Drone x2  
  97  7:11  Roach  
  93  7:26  Overlord  
  93  7:27  Drone x2  
  93  7:28  Drone  
  96  7:31  Spore Crawler  
  95  7:42  Overlord  
  87  7:52  Corruptor x5  
  87  7:53  Corruptor x2  
  101  8:09  Corruptor x3  
  101  8:11  Drone  
  107  8:14  Drone  
  107  8:15  Drone  
  107  8:18  Drone x3  
  107  8:19  Drone x2  
  109  8:20  Drone  
  109  8:24  Drone  
  107  8:29  Drone x2  
  107  8:30  Drone  
  107  8:31  Drone x2  
  107  8:32  Drone  
  113  8:37  Overlord  
  113  8:57  Roach x4  
  113  8:58  Overlord x2  
  121  9:04  Overlord  
  121  9:10  Overlord  
  121  9:15  Roach  
  121  9:16  Overlord  
  121  9:17  Corruptor x2  
  121  9:19  Corruptor x3  
  121  9:22  Ravager x5  
  121  9:23  Ravager x2  
  138  9:25  Ravager, Roach x3  
  138  9:28  Overseer  
  145  9:32  Zergling x4, Roach x3  
  153  9:43  Glial Reconstitution  
  153  9:48  Overlord  
  150  9:54  Zergling x2, Roach  
  152  10:02  Zergling x4  
  152  10:04  Overlord  
  152  10:12  Ravager x2  
  152  10:13  Ravager x3  
  152  10:14  Zergling x8  
  158  10:16  Overlord  
  158  10:18  Drone x4  
  157  10:23  Zergling x2, Roach  
  157  10:27  Zergling x4, Roach x2  
  141  10:30  Zergling x4, Roach  
  141  10:31  Queen x2  
  136  10:37  Roach x2  
  133  10:43  Zergling x4, Roach  
  120  10:51  Roach  
  117  10:57  Roach x3  
  117  10:58  Roach x2  
  119  11:04  Zergling x2, Roach  
  119  11:10  Roach  
  114  11:14  Roach  
  114  11:17  Roach  
  114  11:20  Zergling x2  
  107  11:29  Roach x3  
  107  11:31  Roach x2  
  111  11:41  Roach  
  111  11:42  Roach x2  
  111  11:43  Ravager x2  
  111  11:44  Zergling x2, Ravager x3  
  122  11:48  Zergling x4  
  106  12:06  Zergling x2  
  106  12:07  Zergling x2, Roach x2  
  105  12:09  Ravager  
  105  12:10  Zergling x4, Ravager  
  107  12:18  Ravager  
  107  12:19  Zergling x2  
  107  12:20  Zergling x2  
  107  12:21  Roach  
  110  12:28  Zergling x2  
  109  12:35  Zergling x2, Roach  
  110  12:39  Roach  
  110  12:44  Zergling x6, Roach x2  
  99  12:53  Zergling x2, Roach  
  99  12:56  Roach  
  100  13:03  Roach x2  
  94  13:10  Drone  
  94  13:12  Drone  
  96  13:14  Drone  
  96  13:17  Drone  
  96  13:21  Drone  
  96  13:25  Drone  
Show
View Real Time Build Order
Export as new Build Order

MODEUS Terran - Winner!

Build Orders: Reaper Expand, Mech 

Get SALT Encoding   

  12  0:00  SCV  
  13  0:12  SCV  
  14  0:18  Supply Depot  
  14  0:24  SCV  
  15  0:39  SCV  
  15  0:40  Barracks  
  16  0:44  Refinery  
  16  0:51  SCV  
  17  1:03  SCV  
  18  1:15  SCV  
  19  1:28  Orbital Command, Reaper  
  20  1:44  Command Center  
  20  1:53  SCV  
  21  1:54  Refinery  
  21  2:03  Supply Depot  
  21  2:05  SCV  
  21  2:07  Barracks Reactor  
  22  2:17  SCV  
  22  2:21  Factory  
  23  2:29  SCV  
  24  2:41  SCV  
  25  2:45  Marine x2  
  25  2:47  Engineering Bay  
  27  2:53  SCV  
  27  2:56  Orbital Command  
  28  3:05  SCV  
  28  3:09  Starport  
  28  3:11  Barracks Tech Lab  
  29  3:18  Hellion  
  31  3:20  Hellion  
  31  3:23  SCV  
  31  3:25  SCV  
  35  3:35  SCV  
  35  3:37  Supply Depot  
  35  3:43  SCV  
  35  3:47  SCV  
  39  3:55  SCV, Fusion Core  
  38  3:59  SCV  
  39  4:04  Hellion x2  
  39  4:07  SCV  
  46  4:10  Viking  
  46  4:11  SCV  
  46  4:14  Supply Depot  
  47  4:19  Barracks Tech Lab, SCV  
  47  4:22  Refinery  
  47  4:23  SCV  
  49  4:29  Hellion x2  
  53  4:31  SCV  
  53  4:35  SCV  
  53  4:36  Supply Depot  
  55  4:44  SCV  
  56  4:48  Battlecruiser  
  62  4:57  Supply Depot  
  62  4:58  SCV x2, Supply Depot  
  58  5:15  Siege Tank  
  58  5:16  Marine x2  
  58  5:17  SCV x2  
  63  5:24  Command Center  
  63  5:37  Marine  
  63  5:38  Bunker, Marine, Supply Depot  
  63  5:41  SCV x2  
  63  5:52  Battlecruiser  
  69  6:03  SCV x2  
  71  6:07  Refinery, Armory, Factory  
  71  6:09  Factory  
  71  6:10  Engineering Bay  
  69  6:27  Hellion x2  
  69  6:29  SCV x2  
  73  6:45  Orbital Command  
  73  6:47  Missile Turret x2  
  73  6:52  Hellion  
  77  6:54  Barracks Tech Lab  
  77  6:56  Battlecruiser  
  77  6:59  Cyclone  
  84  7:01  Factory Tech Lab  
  84  7:02  Hellion  
  84  7:04  SCV  
  84  7:05  SCV  
  84  7:06  Refinery  
  86  7:17  Orbital Command, Hellion  
  86  7:19  Terran Vehicle And Ship Armor Level 1  
  87  7:26  Cyclone  
  90  7:30  Mag-Field Accelerator  
  90  7:32  SCV  
  89  7:41  Hellion x2, Cyclone  
  89  7:42  SCV  
  96  7:44  SCV  
  96  7:50  Command Center, SCV  
  98  7:54  SCV  
  99  8:00  Cyclone  
  102  8:06  Battlecruiser  
  102  8:08  Refinery  
  102  8:10  Refinery  
  102  8:12  Supply Depot  
  108  8:22  Hellion  
  108  8:26  Hellion  
  108  8:27  Cyclone  
  108  8:32  Cyclone  
  106  8:39  Missile Turret  
  106  8:40  Supply Depot  
  106  8:41  Supply Depot  
  106  8:44  Factory x2  
  106  8:46  Command Center  
  106  8:52  Infernal Pre-Igniter  
  106  8:55  Hellion x2  
  110  8:57  SCV x3  
  113  9:12  SCV x2  
  115  9:19  Hellion x2, Cyclone x2  
  125  9:28  Factory Tech Lab  
  125  9:29  Factory Reactor, Terran Vehicle Weapons Level 1  
  125  9:32  Armory  
  125  9:36  Missile Turret  
  125  9:38  Missile Turret  
  127  9:39  Raven  
  127  9:47  Siege Tank  
  127  9:48  Hellion x2  
  131  9:54  Siege Tank, Hellion  
  121  10:09  Hellion  
  121  10:15  Siege Tank  
  121  10:16  Hellion x2  
  121  10:20  Siege Tank, Hellion  
  133  10:26  Siege Tank  
  131  10:31  Hellion  
  123  10:37  Hellion  
  123  10:38  Hellion  
  123  10:47  Siege Tank  
  123  10:49  Viking  
  109  10:50  Planetary Fortress  
  109  10:51  Hellion  
  109  10:52  Siege Tank, Hellion  
  103  10:59  Hellion  
  103  11:00  SCV x4  
  103  11:02  Hellion x2  
  102  11:19  Siege Tank, Viking, Hellion  
  102  11:20  Hellion  
  102  11:23  Siege Tank  
  102  11:24  Siege Tank  
  109  11:28  Hellion x2  
  110  11:38  SCV x2  
  112  11:51  Cyclone  
  115  11:55  Cyclone  
  115  11:56  Cyclone  
  101  12:08  Hellion x4  
  97  12:10  Battlecruiser  
  103  12:23  Cyclone  
  103  12:27  Cyclone  
  103  12:28  Cyclone  
  103  12:29  Hellion x2  
  116  12:34  Hellion x2  
  113  12:55  Hellion x2  
  113  12:56  Cyclone  
  112  12:59  Cyclone  
  115  13:08  Orbital Command  
  115  13:09  Hellion x2, Supply Depot  
  122  13:16  Supply Depot  
  122  13:19  Supply Depot  
Tags
 
Add a new tag
Caveats
  • Supply blocks, unpowered buildings, or Contaminate may cause inaccurate times.
  • Supply counts are checked every 10 seconds.